 Dungeon Crawl Stone Soup version 0.27-a0-808-g60bc5d92e6 (webtiles) character file.

Game seed: 3011457600759623791

191911 wakim the Unseen (level 18, -15/87 (93) HPs)
             Began as a Spriggan Enchanter on Mar 28, 2021.
             Was a Follower of Uskayaw.
             Killed from afar by a will-o-the-wisp (27 damage)
             ... with a foxfire
             ... on level 4 of the Lair of Beasts.
             The game lasted 02:13:16 (30228 turns).

wakim the Unseen (Spriggan Enchanter)              Turns: 30228, Time: 02:13:17

HP:   -15/87 (93)   AC:  7    Str:  4    XL:     18   Next: 2%
MP:   37/38         EV: 33    Int: 18    God:    Uskayaw [*.....]
Gold: 1205          SH:  9    Dex: 22    Spells: 20/31 levels left

rFire    . . .     SeeInvis +   a - +0 rapier (speed) {short}
rCold    . . .     Faith    .   h - +0 buckler of Vioffax {rElec rN+}
rNeg     + . .     Spirit   .   r - +2 robe of Vines {NoPotionHeal Regen+++}
rPois    +         Reflect  .   u - +0 mask of the Dragon {Will+ Slay+3 SInv}
rElec    +         Harm     .   y - +2 cloak {Stlth+}
rCorr    .         Rampage  .   (gloves unavailable)
Will     ++++.                  (boots unavailable)
Stlth    ++++++++..             s - amulet of magic regeneration {@e2}
HPRegen  3.24/turn              o - ring of poison resistance
MPRegen  0.51/turn              l - ring "Marod" {+Fly MP+9 Slay+2 SInv}

@: confusing by touch, about to teleport, flying, drained, very quick
A: very small, no large weapons, unfitting armour, see invisible, speed 3
a: Renounce Religion, Stomp


You were on level 4 of the Lair of Beasts.
You worshipped Uskayaw.
Uskayaw was aware of your devotion.
You visited 5 branches of the dungeon, and saw 25 of its levels.
You also visited: Bailey.

You collected 2435 gold pieces.
You spent 1230 gold pieces at shops.


Innate Abilities, Weirdness & Mutations

You are very small and have problems with some larger weapons.
You are too small for most types of armour.
You have supernaturally acute eyesight. (SInv)
You cover ground extremely quickly. (Speed+++)


   Skills:
 + Level 9.5 Fighting
 - Level 14.0 Short Blades
 + Level 16.5 Dodging
 + Level 17.3 Stealth
 - Level 7.2 Shields
 - Level 7.0 Spellcasting
 * Level 13.2 Hexes
 - Level 6.0 Ice Magic
 - Level 8.0 Invocations


You had 20 spell levels left.
You knew the following spells:

 Your Spells              Type           Power      Damage    Failure   Level
g - Ensorcelled Hibernat  Hex/Ice        80%        N/A       1%          2
h - Confusing Touch       Hex            52%        N/A       1%          3
j - Tukima's Dance        Hex            52%        N/A       1%          3
p - Dazzling Flash        Conj/Hex       60%        N/A       2%          3

Your spell library contained the following spells:

 Spells                   Type           Power      Damage    Failure   Level
 Corona                   Hex            57%        N/A       1%          1
 Animate Skeleton         Necr           12%        N/A       11%         1
 Pain                     Necr           24%        1d5       11%         1
 Poisonous Vapours        Pois/Air       12%        N/A       16%         2
 Sublimation of Blood     Necr           3%         N/A       16%         2
 Conjure Flame            Conj/Fire      6%         6-21      32%         3
 Ignite Poison            Fire/Tmut/Pois 6%         N/A       32%         3
 Mephitic Cloud           Conj/Pois/Air  6%         N/A       32%         3
 Vampiric Draining        Necr           3%         2d6       32%         3
 Animate Dead             Necr           3%         N/A       71%         4
 Petrify                  Tmut/Erth      6%         N/A       71%         4
 Agony                    Necr           6%         N/A       96%         5
 Alistair's Intoxication  Tmut/Pois      4%         N/A       96%         5
 Irradiate                Conj/Tmut      3%         3d15      96%         5
 Eringya's Noxious Bog    Tmut/Pois      3%         N/A       100%        6
 Freezing Cloud           Conj/Ice/Air   6%         6-21      100%        6

Inventory:

Hand Weapons
 a - a +0 rapier of speed (weapon) {short}
   (You took it off a spriggan on level 6 of the Lair of Beasts)
 b - a +3 rapier of venom {short}
   (You took it off Eustachio on level 5 of the Dungeon)
Missiles
 g - 12 silver boomerangs {throwing}
 n - a throwing net {=f!fthrowing}
 t - 69 boomerangs {throwing}
 T - 12 boomerangs of dispersal {=f!fthrowing}
Armour
 h - the +0 buckler of Vioffax (worn) {rElec rN+}
   (You found it on level 4 of the Dungeon)

   It insulates you from electricity.
   It protects you from negative energy.
 r - the +2 robe of Vines (worn) {NoPotionHeal Regen+++}
   (You found it on level 9 of the Dungeon)

   It increases your rate of regeneration.
 u - the +0 mask of the Dragon (worn) {Will+ Slay+3 SInv}
   (You bought it in a shop on level 2 of the Orcish Mines)

   It affects your accuracy and damage with ranged weapons and melee attacks
   (+3).
   It affects your willpower, your defense against some magical effects.
   It lets you see invisible.
 y - a +2 cloak of stealth (worn)
   (You bought it in a shop on level 2 of the Orcish Mines)
Jewellery
 k - a +6 ring of dexterity
   (You found it on level 1 of the Dungeon)
 l - the ring "Marod" (right hand) {+Fly MP+9 Slay+2 SInv}
   (You acquired it on level 10 of the Dungeon)

   [ring of flight]

   It affects your accuracy and damage with ranged weapons and melee attacks
   (+2).
   It affects your magic capacity (+9).
   It lets you see invisible.
   It lets you fly.
 m - a +6 ring of strength
   (You found it on level 5 of the Dungeon)
 o - a ring of poison resistance (left hand)
   (You found it on level 6 of the Dungeon)
 s - an amulet of magic regeneration (around neck) {@e2}
   (You found it on level 14 of the Dungeon)
 v - an amulet of the acrobat
   (You found it on level 8 of the Dungeon)
 x - a +4 ring of protection
   (You found it on level 1 of the Lair of Beasts)
 z - a ring of resist corrosion
   (You found it on level 11 of the Dungeon)
 F - a ring of positive energy
   (You found it on level 1 of the Lair of Beasts)
Wands
 d - a wand of digging (11)
   (You found it on level 9 of the Dungeon)
 e - a wand of charming (8)
   (You found it on level 3 of the Lair of Beasts)
 i - a wand of iceblast (13)
   (You found it on level 8 of the Dungeon)
 j - a wand of polymorph (16)
   (You found it on level 7 of the Dungeon)
 p - a wand of paralysis (13)
   (You found it on level 2 of the Lair of Beasts)
Scrolls
 c - 4 scrolls of enchant weapon
 f - 7 scrolls of enchant armour
 q - 2 scrolls of brand weapon
 D - 4 scrolls of blinking {!r}
 E - 3 scrolls of fear
 K - a scroll of immolation {!r!r}
 O - 3 scrolls of silence {!r}
 S - 2 scrolls of summoning
 W - a scroll of holy word
 X - 7 scrolls of magic mapping {!r}
 Y - 6 scrolls of teleportation {@r4}
 Z - 10 scrolls of identify {@r1}
Potions
 A - a potion of attraction {!q}
 B - 2 potions of brilliance
 C - 2 potions of cancellation
 G - a potion of ambrosia
 H - 5 potions of haste {@q3}
 I - a potion of invisibility
 J - 11 potions of curing {@q1}
 M - 3 potions of might
 P - 2 potions of lignification {!q}
 Q - 3 potions of magic
 R - a potion of resistance
 U - a potion of mutation {!q}

Dungeon Overview and Level Annotations

Branches:
Dungeon (15/15)            Temple (1/1) D:4            Lair (6/6) D:9
  Swamp (1/4) Lair:4        Snake (0/4) Lair:4        Slime (0/5) Lair:6
    Orc (2/2) D:11            Elf (0/3) Orc:2        Vaults (0/5) D:13
 Depths (0/5) D:15         Bailey (visited)

Altars:
Ashenzari
Cheibriados
Dithmenos
Elyvilon
Fedhas
Gozag
Hepliaklqana
Kikubaaqudgha
Nemelex Xobeh
Okawaru
Ru
Sif Muna
Trog
Uskayaw
Vehumet
Wu Jian
Xom
Zin
The Shining One
Jiyva

Shops:
D:12 =   Orc:2 [?***

Annotations:
Lair:4 Josephine

.......[####...............####..
#........#.##.............###....
#.........#.###.........P####....
#.......#..#.##..........P#......
####....#....♣♣.♣♣.........P.....
#........♣♣♣≈♣♣♣..............
##.......♣♣v§§♣♣............P#
####....♣♣§§v§♣........#...##
##...♣≈@§@§♣...>.....#..#
#...♣♣♣§§♣♣..........###
###..♣♣♣♣♣...........#
#.#.##)..@....###.##
#..###.......P# ### ####
##......P# ##.....[###
#.......#.# ##........##


You could see Josephine and a will-o-the-wisp.


Message History

Increase (S)trength, (I)ntelligence, or (D)exterity?
You feel agile. 😕 HP[+5]
You now have 93 max hp (+6).
You regained 5 hp, and now have 92/93 hp.
You now have 1205 gold pieces (gained 40).
Things that are here:
a +2 battleaxe of flaming {axe}; a +3 ring mail of cold resistance; the human corpse of Rupert 😎 HP[+1] MP[+1]
Your hp is fully restored (93).
Done exploring. 😎 MP[+1]
Your mp is fully restored (38).
You can no longer pass through a line of other dancers.
There is a staircase to the Swamp here.
You fly downwards.
Welcome back to the Swamp!
This branch is very noisy, and so sound travels much less far.
This branch contains the decaying rune of Zot.
Level annotation: Josephine The will-o-the-wisp closely misses you.
The will-o-the-wisp gestures.
The will-o-the-wisp conjures some foxfire!
You block Josephine's attack. 2 foxfires come into view.
There is a staircase back to the Lair here.
The foxfire hits you! You block the will-o-the-wisp's attack.
Josephine gestures at you while chanting.
The ghostly flame explodes!
The ghostly fireball engulfs you! You partially resist.
You feel drained.
The ghostly fireball engulfs Josephine.
Josephine completely resists.
The ghostly fireball engulfs the foxfire.
The foxfire completely resists.
The ghostly fireball engulfs the will-o-the-wisp.
The will-o-the-wisp completely resists.
The ghostly fireball engulfs the wraith.
The wraith completely resists.
The eight-headed hydra roars!
You fly upwards.
Welcome back to the Lair of Beasts!
There is a staircase to the Swamp here. 😕 HP[-18]
You now have 90 max hp (-3).
You take 18 damage, and now have 75/90 hp.
Press: ? - help, v - describe, . - travel
Here: Josephine, wielding a +2 dagger of flaming and wearing a +0 robe of willpower Some shallow water.
Casting: Confusing Touch (safe; 1% risk of failure)
Confirm with . or Enter, or press ? or * to list all spells.
Your hands begin to glow red.
The will-o-the-wisp gestures.
The will-o-the-wisp conjures some foxfire!
Josephine hits you but does no damage. 2 foxfires come into view. 😕 HP[+3] MP[-3]
You regained 3 hp, and now have 78/90 hp.
You lost 3 mp, and now have 35/38 mp.
You barely miss Josephine. The foxfire hits you!! 😮 HP[-26] MP[+1]
You take 26 damage, and now have 52/90 hp.
MASSIVE DAMAGE!! (PAUSE)
You barely miss Josephine. The foxfire hits you!!
* * * LOW HITPOINT WARNING * * *
The will-o-the-wisp misses you. 😨 HP[-18]
You take 18 damage, and now have 34/90 hp.
You hit Josephine but do no damage. You block Josephine's attack. 😨 HP[+1]
You hit Josephine but do no damage. 😨 HP[+1]
You hit Josephine but do no damage. The will-o-the-wisp engulfs you.
* * * LOW HITPOINT WARNING * * *
😨 HP[-4]
You take 4 damage, and now have 32/90 hp.
As you read the scroll of teleportation {@r4}, it crumbles to dust.
You feel strangely unstable. Josephine completely misses you.
The will-o-the-wisp gestures.
The will-o-the-wisp conjures some foxfire! 2 foxfires come into view. 😨 HP[+4] MP[+1]
You regained 4 hp, and now have 36/90 hp.
Okay, then.
You hit Josephine but do no damage. The foxfire hits you!
* * * LOW HITPOINT WARNING * * *
Josephine gestures at you while chanting.
The ghostly flame explodes!
The ghostly fireball engulfs you! You partially resist.
You feel drained.
* * * LOW HITPOINT WARNING * * *
The ghostly fireball engulfs the will-o-the-wisp.
The will-o-the-wisp completely resists.
The ghostly fireball engulfs Josephine.
Josephine completely resists.
The ghostly fireball engulfs the foxfire.
The foxfire completely resists. 😱 HP[-25]
You now have 87 max hp (-3).
You take 25 damage, and now have 11/87 hp.
MASSIVE DAMAGE!! (PAUSE)
The foxfire hits you!!
You die...

Skill      XL: |  1  2  3  4  5  6  7  8  9 10 11 12 13 14 15 16 17 |
---------------+----------------------------------------------------+-----
Dodging        | 3 4 5 6 7 10 12 14 15 16 | 16.5
Stealth        | 5 6 7 8 9 10 12 14 15 16 17 | 17.3
Short Blades   | 2 3 4 6 8 10 12 13 14 | 14.0
Hexes          | 4 5 6 7 9 11 12 13 | 13.2
Shields        | 1 2 3 4 5 6 7 |  7.2
Ice Magic      | 1 2 3 4 6 |  6.0
Spellcasting   | 4 5 6 7 |  7.0
Invocations    | 3 4 6 7 8 |  8.0
Fighting       | 2 4 5 7 8 9 |  9.5

Action                   |  1- 3 |  4- 6 |  7- 9 | 10-12 | 13-15 | 16-18 || total
-------------------------+-------+-------+-------+-------+-------+-------++-------
Melee: Dagger            |    81 |    70 |   142 |    79 |     4 |       ||   376
       Rapier            |       |       |    26 |   241 |  1048 |   299 ||  1614
 Fire: Hunting sling     |     1 |       |       |       |       |       ||     1
 Cast: Corona            |     9 |     1 |     5 |       |       |       ||    15
       Ensorcelled Hiber |    33 |    47 |   103 |   152 |   244 |    58 ||   637
       Confusing Touch   |       |       |    11 |    22 |    23 |    21 ||    77
       Dazzling Flash    |       |       |       |     1 |    35 |     4 ||    40
       Tukima's Dance    |       |       |       |       |       |     4 ||     4
Invok: Line Pass         |       |       |     1 |     2 |     4 |     3 ||    10
  Use: Scroll            |     8 |     5 |     5 |     4 |    11 |     1 ||    34
       Potion            |       |       |     2 |       |     1 |     1 ||     4
 Stab: Sleeping          |    25 |    23 |    77 |    77 |   120 |    43 ||   365
       Distracted        |       |     2 |       |       |     4 |       ||     6
       Confused          |       |       |     7 |    20 |    19 |    26 ||    72
       Paralysed         |       |       |     1 |    15 |    51 |    17 ||    84
       Invisible         |       |       |       |     1 |    39 |     5 ||    45
Armor: Robe              |    16 |     5 |    14 |    19 |    44 |    10 ||   108
Dodge: Dodged            |    68 |    64 |   127 |   232 |   861 |   168 ||  1520
Block: Buckler           |       |       |    49 |    90 |   356 |    67 ||   562

Levels and vault maps discovered:
D:1:      sevenhm_arrival_forest_fort_large_2, layout_loops_ring
D:2:      layout_loops_ring, chequers_temple_overflow_statue_of_worship,
          small_statue_intersection
D:3:      layout_loops_corners, lemuel_round_altar, kiku_gazebo_pond_becter,
          amethyst_killhole, grunt_decor_junction, uniq_jessica, uniq_ijyb
D:4:      layout_loops_corners, minmay_temple_entry_ruins, ebering_ghost_gozag,
          uniq_sigmund
D:5:      layout_basic, fedhas_altar_2, item_on_display_a, uniq_eustachio
D:6:      layout_cave_pools, kennysheep_mini, general_overflow_altar,
          st_stairs_14
D:7:      layout_loops_ring, minivault_23, chequers_serial_rivers_micro_d,
          eino_small_chamber_without_monster
D:8:      layout_basic, kennysheep_pointless_box, minmay_unpleasant_kobolds
D:9:      layout_big_octagon, lair_entry_dummy, serial_column_ruins,
          column_ruins_hut_pillars, column_ruins_temple_circle,
          column_ruins_corridor_water, column_ruins_open_large,
          column_ruins_columns_straight, column_ruins_open_small,
          chequers_mini_garden, lightli_minifort
D:10:     layout_rooms, basic_altar
D:11:     layout_cave_pools, uniq_grum
D:12:     layout_loops_corners, serial_shops, shop, grunt_dithmenos_smoke
D:13:     layout_gridville, david_vaults_3, ebering_ghost_xom, enter_bailey_5
D:14:     layout_loops_corners, grunt_ministairs_15
D:15:     hangedman_depths_entry_civil_slaughter, layout_small_grid,
          grunt_decor_cap
Temple:   regret_index_temple_generic_petals
Lair:1:   layout_loops_ring, lemuel_fruit_tree, serial_bayou_shore_a
Lair:2:   layout_regular_city, minmay_holes, grunt_megastairs_4
Lair:3:   minmay_guarded_unrand_snakebite, layout_hall_layers,
          gammafunk_ghost_endoplasm
Lair:4:   layout_hall_layers, minmay_swamp_entry_worms,
          guppyfry_snake_entry_island, uniq_nessos, uniq_urug, uniq_snorg
Lair:5:   layout_loops_ring, uniq_rupert
Lair:6:   minmay_lair_end_enchanted_forest, layout_misc_corridors,
          slime_altar_2, st_stairs_6, serial_bayou_shore_b, serial_bayou_shore_b
Swamp:1:  layout_falls_marsh, hangedman_swamp_diagram, uniq_josephine
Orc:1:    layout_diamond_mine, gammafunk_ghost_smash
Orc:2:    st_orc_ogre_mass, layout_diamond_mine, serial_shops,
          nicolae_shop_stone

Notes
Turn   | Place    | Note
-------+----------+-------------------------------------------
     0 | D:1      | wakim the Spriggan Enchanter began the quest for the Orb.
     0 | D:1      | Reached XP level 1. HP: 9/9 MP: 5/5
     0 | D:1      | magus.rc [v1.9.6]
   131 | D:1      | Reached skill level 3 in Dodging
   335 | D:1      | Reached XP level 2. HP: 7/13 MP: 6/6
   642 | D:1      | Learned a level 2 spell: Ensorcelled Hibernation
  1346 | D:2      | Reached skill level 5 in Stealth
  1346 | D:2      | Reached XP level 3. HP: 16/16 MP: 0/8
  1433 | D:2      | Found an iron altar of Okawaru.
  1433 | D:2      | Found a sacrificial altar of Ru.
  1485 | D:2      | Reached skill level 4 in Dodging
  1713 | D:2      | Reached skill level 2 in Short Blades
  2662 | D:3      | Noticed Jessica
  2665 | D:3      | Killed Jessica
  2666 | D:3      | Reached XP level 4. HP: 21/21 MP: 9/9
  2929 | D:3      | Noticed Ijyb
  2952 | D:3      | Killed Ijyb
  2953 | D:3      | Reached skill level 5 in Dodging
  3322 | D:3      | Found an ancient bone altar of Kikubaaqudgha.
  3418 | D:3      | Reached XP level 5. HP: 20/24 MP: 5/10
  3597 | D:3      | Found a glowing golden altar of the Shining One.
  4159 | D:4      | Reached skill level 3 in Short Blades
  4159 | D:4      | Reached skill level 6 in Stealth
  4332 | D:4      | Identified the +0 buckler of Vioffax {rElec rN+}
  4641 | D:4      | Found a staircase to the Ecumenical Temple.
  4774 | D:4      | Reached skill level 4 in Hexes
  4779 | D:4      | Reached skill level 1 in Shields
  4779 | D:4      | Reached skill level 1 in Ice Magic
  4779 | D:4      | Reached XP level 6. HP: 28/28 MP: 3/11
  4877 | D:4      | Noticed Sigmund
  4886 | D:4      | Killed Sigmund
  5021 | D:4      | Reached skill level 2 in Ice Magic
  5400 | D:4      | Found a runed translucent gate.
  5400 | D:4      | Found a runed translucent gate.
  5400 | D:4      | Found an opulent altar of Gozag.
  5400 | D:4      | Found a runed translucent gate.
  5401 | D:4      | Noticed banchobear's ghost (amateur DrAr)
  5465 | D:4      | Reached skill level 2 in Shields
  5465 | D:4      | Reached skill level 5 in Hexes
  5465 | D:4      | Reached XP level 7. HP: 32/32 MP: 2/12
  5878 | D:5      | Entered Level 5 of the Dungeon
  5993 | D:5      | Found a blossoming altar of Fedhas.
  6064 | Temple   | Entered the Ecumenical Temple
  6170 | Temple   | Became a worshipper of Uskayaw the Reveller
  6390 | D:4      | Reached * piety under Uskayaw
  6393 | D:4      | Reached skill level 6 in Dodging
  6534 | D:5      | Noticed Eustachio
  6542 | D:5      | Killed Eustachio
  6542 | D:5      | Reached ** piety under Uskayaw
  6748 | D:5      | Reached skill level 7 in Stealth
  7387 | D:5      | HP: 8/32 [gnoll sergeant/+0 spear (12)]
  7985 | D:5      | Reached skill level 4 in Short Blades
  7985 | D:5      | Reached XP level 8. HP: 33/36 MP: 8/13
  8080 | D:6      | Reached skill level 8 in Stealth
  8080 | D:6      | Reached skill level 6 in Hexes
  8139 | D:6      | Identified the +2 helmet of Qazlal's Benevolence {Rampage}
  8221 | D:6      | Found an ornate altar of the Wu Jian Council.
  8345 | D:6      | HP: 9/36 [orc wizard/magic dart (7)]
  8629 | D:6      | Reached skill level 3 in Shields
  8676 | D:6      | Found a snail-covered altar of Cheibriados.
  8936 | D:6      | Learned a level 3 spell: Dazzling Flash
  9010 | D:7      | Reached skill level 3 in Ice Magic
  9022 | D:7      | Reached skill level 5 in Short Blades
  9059 | D:7      | Learned a level 3 spell: Confusing Touch
  9077 | D:7      | Reached *** piety under Uskayaw
  9195 | D:6      | HP: 8/36 [killer bee (5)]
  9200 | D:6      | HP: 5/36 [poisoned by a killer bee]
  9771 | D:7      | Reached skill level 6 in Short Blades
  9824 | D:7      | Reached XP level 9. HP: 38/39 MP: 7/14
 10181 | D:7      | Reached skill level 3 in Spellcasting
 10619 | D:8      | Reached skill level 4 in Ice Magic
 10623 | D:8      | Reached skill level 4 in Shields
 11082 | D:8      | Reached skill level 7 in Short Blades
 11090 | D:8      | Reached skill level 4 in Spellcasting
 11534 | D:8      | You pick up a book of Necromancy and begin reading...
 11534 | D:8      | You add the spells Pain, Animate Skeleton, Vampiric
                  | Draining, Animate Dead and Agony to your library.
 12036 | D:9      | Found the +2 robe of Vines {NoPotionHeal Regen+++}
 12168 | D:9      | Reached skill level 9 in Stealth
 12338 | D:9      | Noticed a cyclops
 12341 | D:9      | Killed a cyclops
 12342 | D:9      | Reached skill level 8 in Short Blades
 12479 | D:9      | Found a broken altar of Ashenzari.
 12672 | D:9      | Found a staircase to the Lair.
 12777 | D:10     | Entered Level 10 of the Dungeon
 12793 | D:10     | Noticed a two-headed ogre
 12798 | D:10     | Reached XP level 10. HP: 44/44 MP: 14/17
 12806 | D:10     | Reached skill level 9 in Short Blades
 12806 | D:10     | Reached skill level 10 in Stealth
 12818 | D:10     | Reached skill level 5 in Shields
 12936 | D:10     | Killed a two-headed ogre
 12937 | D:10     | Reached skill level 1 in Invocations
 12998 | D:10     | Identified a scroll of acquirement
 12998 | D:10     | Acquired the ring "Marod" {+Fly MP+9 Slay+2 SInv}
 13060 | D:10     | Found an ancient bone altar of Kikubaaqudgha.
 13152 | D:10     | Reached skill level 1 in Fighting
 13281 | D:10     | Noticed a two-headed ogre
 13286 | D:10     | Killed a two-headed ogre
 13287 | D:10     | Reached skill level 10 in Short Blades
 13423 | D:11     | Noticed a cyclops
 13583 | D:11     | You pick up a book of Necromancy and begin reading...
 13652 | D:11     | Reached skill level 2 in Invocations
 13830 | D:11     | Reached skill level 2 in Fighting
 13830 | D:11     | Reached skill level 7 in Dodging
 13851 | D:11     | Killed a cyclops
 14021 | D:11     | Noticed Grum
 14027 | D:11     | Reached skill level 3 in Invocations
 14031 | D:11     | Killed Grum
 14034 | D:11     | Reached **** piety under Uskayaw
 14035 | D:11     | Reached XP level 11. HP: 51/51 MP: 18/18
 14087 | D:11     | Found a staircase to the Orcish Mines.
 14647 | D:12     | Found a shadowy altar of Dithmenos.
 14761 | D:12     | Noticed a two-headed ogre
 14766 | D:12     | Killed a two-headed ogre
 14767 | D:12     | Reached skill level 3 in Fighting
 14767 | D:12     | Reached skill level 11 in Short Blades
 14793 | D:12     | Reached skill level 8 in Dodging
 14793 | D:12     | Reached skill level 6 in Shields
 14808 | D:12     | Reached ***** piety under Uskayaw
 15039 | D:12     | Identified the +0 ring mail of the Burning Grue {Str+5}
 15050 | D:12     | Found Ysmeuqoj's Jewellery Boutique.
 15310 | D:12     | Reached skill level 4 in Invocations
 15530 | Lair:1   | Entered Level 1 of the Lair of Beasts
 15762 | Lair:1   | Reached skill level 9 in Dodging
 15809 | Lair:1   | Noticed a five-headed hydra
 15809 | Lair:1   | Noticed an eight-headed hydra
 15814 | Lair:1   | Killed an eight-headed hydra
 15862 | Lair:1   | Killed a five-headed hydra
 15911 | Lair:1   | Identified the +3 great mace of Amorality {venom, +Fly
                  | rElec Int+2 Dex+4}
 16068 | Lair:1   | Reached skill level 4 in Fighting
 16259 | Lair:1   | Reached skill level 12 in Short Blades
 16503 | Lair:2   | Noticed a four-headed hydra
 16510 | Lair:2   | Killed a four-headed hydra
 16511 | Lair:2   | Reached skill level 10 in Dodging
 16511 | Lair:2   | Reached XP level 12. HP: 58/58 MP: 19/19
 16542 | Lair:2   | Reached skill level 5 in Invocations
 16631 | Lair:2   | You pick up a book of Clouds and begin reading...
 16631 | Lair:2   | You add the spells Poisonous Vapours, Mephitic Cloud,
                  | Conjure Flame and Freezing Cloud to your library.
 16720 | Lair:2   | Noticed a four-headed hydra
 16741 | Lair:2   | Killed a four-headed hydra
 17003 | Lair:2   | Noticed a seven-headed hydra
 17022 | Lair:2   | Killed a seven-headed hydra
 17559 | Lair:3   | Noticed a four-headed hydra
 17623 | Lair:3   | Reached skill level 11 in Stealth
 17625 | Lair:3   | Reached skill level 7 in Shields
 17630 | Lair:3   | Reached ****** piety under Uskayaw
 18112 | Lair:3   | Killed a four-headed hydra
 18175 | Lair:3   | Reached skill level 5 in Fighting
 18347 | Lair:3   | Found a runed translucent gate.
 18347 | Lair:3   | Found a runed translucent gate.
 18347 | Lair:3   | Found a runed translucent gate.
 18353 | Lair:3   | Noticed polve's ghost (journeyman DsAK)
 18397 | Lair:3   | Reached skill level 6 in Invocations
 18404 | Lair:3   | Reached skill level 5 in Spellcasting
 18497 | Lair:3   | magus.rc [v1.9.6]
 18589 | Lair:3   | Reached skill level 12 in Stealth
 18781 | Lair:3   | Identified the +6 war axe "Nieh" {freeze, rPois}
 18794 | Lair:3   | Reached skill level 7 in Hexes
 18808 | Lair:3   | Reached XP level 13. HP: 63/63 MP: 22/22
 18979 | Lair:3   | Found the +8 whip "Snakebite" {curare, rPois}
 19064 | Lair:3   | Found a viscous altar of Jiyva.
 19356 | D:6      | Reached skill level 5 in Ice Magic
 19453 | D:4      | Killed banchobear's ghost
 19703 | Lair:3   | Killed polve's ghost
 19704 | Lair:3   | Reached skill level 6 in Spellcasting
 19882 | Lair:3   | Reached skill level 8 in Hexes
 19983 | Lair:4   | Reached skill level 6 in Fighting
 20232 | Lair:4   | Found a staircase to the Snake Pit.
 20246 | Lair:4   | Noticed Urug
 20256 | Lair:4   | Killed Urug
 20294 | Lair:4   | Found the +11 plutonium sword {*Contam Stlth-}
 20338 | Lair:4   | Noticed Snorg
 20342 | Lair:4   | Killed Snorg
 20343 | Lair:4   | Reached skill level 9 in Hexes
 20381 | Lair:4   | Found a staircase to the Swamp.
 20434 | Lair:4   | Reached skill level 6 in Ice Magic
 20763 | Lair:5   | Reached skill level 11 in Dodging
 21082 | Lair:5   | Noticed Rupert
 21086 | Lair:5   | Reached skill level 7 in Fighting
 21112 | Lair:5   | Reached skill level 13 in Short Blades
 21320 | Lair:4   | Paralysed by Rupert for 2 turns
 21357 | Lair:4   | Paralysed by Rupert for 6 turns
 21746 | Lair:6   | Entered Level 6 of the Lair of Beasts
 21801 | Lair:6   | Reached skill level 12 in Dodging
 21812 | Lair:6   | Reached XP level 14. HP: 72/72 MP: 24/24
 22048 | Lair:6   | Found a runed translucent door.
 22048 | Lair:6   | Found a viscous altar of Jiyva.
 22049 | Lair:6   | Found a staircase to the Slime Pits.
 22425 | Lair:5   | Reached skill level 13 in Stealth
 22490 | Lair:5   | HP: 12/72 [death yak (28)]
 22579 | Lair:5   | Reached skill level 10 in Hexes
 23108 | Lair:6   | Reached skill level 13 in Dodging
 23616 | Lair:6   | Reached skill level 14 in Short Blades
 23910 | Lair:6   | Identified the +1 leather armour of Masorakk {*Corrode
                  | Str+3 SInv}
 24523 | Orc:1    | Entered Level 1 of the Orcish Mines
 24561 | Orc:1    | Found a transporter.
 24567 | Orc:1    | Reached skill level 11 in Hexes
 24582 | Orc:1    | Found a transporter.
 24582 | Orc:1    | Noticed Ilepram's ghost (journeyman MfVM)
 24584 | Orc:1    | Identified the +7 great mace of the Lamprey {spect, Int+4}
 24699 | Orc:1    | Killed Ilepram's ghost
 24806 | Orc:2    | Entered Level 2 of the Orcish Mines
 24809 | Orc:2    | Found a staircase to the Elven Halls.
 24927 | Orc:2    | Reached skill level 8 in Fighting
 25158 | Orc:2    | Reached skill level 14 in Dodging
 25158 | Orc:2    | Reached skill level 14 in Stealth
 25158 | Orc:2    | Reached XP level 15. HP: 77/77 MP: 25/25
 25183 | Orc:2    | Reached skill level 12 in Hexes
 25302 | Orc:2    | Found Kodeed's General Store.
 25302 | Orc:2    | Found Pukles's Magic Scroll Emporium.
 25303 | Orc:2    | Found Caogoigias's Assorted Antiques.
 25303 | Orc:2    | Found Iggiw's General Store.
 25323 | Orc:2    | Bought a runed cloak for 142 gold pieces
 25342 | Orc:2    | Bought a scroll of magic mapping for 45 gold pieces
 25342 | Orc:2    | Bought a scroll of acquirement for 676 gold pieces
 25342 | Orc:2    | Acquired a +2 hat
 25626 | Orc:2    | Found Hywkum's Armour Emporium.
 25644 | Orc:2    | Bought the +0 mask of the Dragon {Will+ Slay+3 SInv} for
                  | 367 gold pieces
 25644 | Orc:2    | Found the +0 mask of the Dragon {Will+ Slay+3 SInv}
 26197 | D:13     | Found a gate to the Vaults.
 26197 | D:13     | Noticed Nessos
 26216 | D:13     | Killed Nessos
 26638 | D:13     | Found a flagged portal.
 26747 | Bailey   | Entered a bailey
 26752 | Bailey   | Noticed an orc warlord
 26753 | Bailey   | Found the +7 Singing Sword {vorpal, sonic wave}
 26860 | Bailey   | Found a runed translucent gate.
 26860 | Bailey   | Found a runed translucent gate.
 26874 | Bailey   | Found a runed translucent gate.
 27187 | Bailey   | Killed an orc warlord
 27188 | Bailey   | Reached skill level 15 in Stealth
 27392 | D:13     | Found a runed translucent door.
 27394 | D:13     | Found a shimmering altar of Xom.
 27394 | D:13     | Noticed Megustar's ghost (journeyman DEFE)
 27397 | D:13     | Identified the +5 dire flail "Ybav" {chaos, rN+ Str+3 Int+3
                  | Dex+2}
 27401 | D:13     | Killed Megustar's ghost
 27402 | D:13     | Reached skill level 7 in Spellcasting
 27597 | D:13     | You pick up a book of Alchemy and begin reading...
 27597 | D:13     | You add the spells Sublimation of Blood, Ignite Poison,
                  | Petrify, Alistair's Intoxication, Irradiate and Eringya's
                  | Noxious Bog to your library.
 27603 | D:13     | Identified 2 potions of experience
 27608 | D:13     | Reached skill level 15 in Dodging
 27608 | D:13     | Reached skill level 7 in Invocations
 27608 | D:13     | Reached XP level 16. HP: 82/82 MP: 27/27
 27609 | D:13     | Reached skill level 16 in Stealth
 27609 | D:13     | Reached XP level 17. HP: 86/86 MP: 28/28
 27614 | D:13     | Learned a level 3 spell: Tukima's Dance
 28102 | D:14     | Reached skill level 9 in Fighting
 28103 | D:14     | Reached skill level 16 in Dodging
 28494 | D:14     | Reached skill level 8 in Invocations
 28920 | D:15     | Entered Level 15 of the Dungeon
 29124 | D:15     | Reached skill level 17 in Stealth
 29274 | D:15     | Found a staircase to the Depths.
 29502 | D:15     | Reached skill level 13 in Hexes
 30013 | Swamp:1  | Entered Level 1 of the Swamp
 30013 | Swamp:1  | Noticed Josephine
 30028 | Swamp:1  | HP: 13/86 [wraith[Josephine] (12)]
 30187 | Lair:4   | Killed Rupert
 30188 | Lair:4   | Reached XP level 18. HP: 92/93 MP: 29/29
 30227 | Lair:4   | HP: 21/90 [will-o-the-wisp/foxfire (16)]
 30228 | Lair:4   | Killed from afar by a will-o-the-wisp

Vanquished Creatures
  Rupert (Lair:4)
  An orc warlord (Bailey)
  Nessos (D:13)
  Snorg (Lair:4)
  An ettin (D:15)
  The ghost of polve the Carver, a journeyman DsAK of Lugonu (Lair:3)
  5 ogre magi
  11 hydras
  4 boulder beetles
  4 centaur warriors
  A catoblepas (D:14)
  The ghost of Ilepram the Tainter, a journeyman MfVM of Ashenzari (Orc:1)
  A dancing weapon (D:13)
  18 two-headed ogres
  The ghost of Megustar the Arsonist, a journeyman DEFE of Vehumet (D:13)
  Urug (Lair:4)
  10 death yaks
  3 tengu warriors
  22 slime creatures
  14 spriggans
  3 skeletal warriors (D:14)
  2 deep trolls
  2 deep elf pyromancers
  A lindwurm (Lair:6)
  2 wizards (D:15)
  19 ugly things
  An orc sorcerer (D:15)
  3 orc knights
  2 manticores
  5 cyclopes
  7 elephants
  7 black mambas
  2 gargoyles (D:12)
  An efreet (D:15)
  12 cane toads
  7 komodo dragons
  3 rime drakes
  An unseen horror (D:11)
  A tengu conjurer (D:14)
  6 trolls
  3 meliai (D:14)
  8 polar bears
  28 blink frogs
  8 hornets
  11 dream sheep (Lair:5)
  A wyvern (Lair:1)
  4 wraiths
  51 yaks
  Sigmund (D:4)
  Grum (D:11)
  12 humans (D:13)
  A shadow (D:11)
  9 basilisks
  Eustachio (D:5)
  A redback simulacrum (D:15)
  3 vampire mosquitoes (D:12)
  A swamp worm (Lair:4)
  4 wargs
  An acid dragon (D:13)
  2 nagas (Lair:4)
  24 water moccasins
  15 orc warriors
  A sky beast (D:8)
  A necrophage (D:4)
  A black bear (Lair:6)
  20 wolves
  The ghost of banchobear the Charlatan, an amateur DrAr of Nemelex Xobeh (D:4)
  5 centaurs
  24 ogres
  3 boggarts (Lair:6)
  A kobold brigand (D:10)
  A phantom (D:4)
  7 bullfrogs
  A gnoll sergeant (D:5)
  2 scorpions (D:4)
  10 killer bees
  8 jellies
  6 wights
  4 howler monkeys
  3 electric eels
  7 centaur zombies
  3 hounds
  2 lava snakes (D:9)
  2 bullfrog zombies
  A bullfrog skeleton (D:4)
  4 orc priests
  4 iguanas
  Jessica (D:3)
  Ijyb (D:3)
  12 orc wizards
  7 hell rats (Lair:5)
  4 adders
  11 gnolls
  A howler monkey skeleton (D:5)
  A shadow imp (D:7)
  2 white imps (D:7)
  4 ufetubi
  An adder skeleton (D:5)
  2 worms
  A dart slug (D:3)
  38 orcs
  7 bats
  8 endoplasms
  3 giant cockroaches
  9 goblins
  5 hobgoblins
  6 jackals
  2 quokkas
  4 ball pythons
  6 frilled lizards
  29 kobolds
  4 rats
670 creatures vanquished.

Vanquished Creatures (others)
  3 two-headed ogres
  A dancing weapon (D:14)
  4 humans (D:13)
  An ogre (Orc:1)
  2 bushes
  7 foxfires
  32 fungi
  35 plants
85 creatures vanquished.

Grand Total: 755 creatures vanquished

Table legend:
 A = Non-vault XP
 B = Vault XP
 C = Vault XP percentage of total XP
 D = Non-vault monster count
 E = Vault monster count
 F = Vault count percentage of total count
                 A         B        C        D         E       F
            +---------+---------+-------+---------+---------+-------
      Total |  112471 |   54871 |  32.8 |     476 |     194 |  29.0
            +---------+---------+-------+---------+---------+-------
        D:1 |      36 |       0 |   0.0 |      17 |       0 |   0.0
        D:2 |      40 |       0 |   0.0 |      17 |       0 |   0.0
        D:3 |      83 |      73 |  46.8 |      16 |       2 |  11.1
        D:4 |     425 |     612 |  59.0 |      16 |       6 |  27.3
        D:5 |     398 |     191 |  32.4 |      16 |       1 |   5.9
        D:6 |     550 |      39 |   6.6 |      12 |       1 |   7.7
        D:7 |    1169 |       0 |   0.0 |      26 |       0 |   0.0
        D:8 |     803 |       8 |   1.0 |      21 |       6 |  22.2
        D:9 |     685 |     503 |  42.3 |      16 |       1 |   5.9
       D:10 |    2985 |       0 |   0.0 |      10 |       0 |   0.0
       D:11 |    2594 |     441 |  14.5 |      10 |       3 |  23.1
       D:12 |    4562 |       0 |   0.0 |      19 |       0 |   0.0
       D:13 |    7517 |    6676 |  47.0 |      12 |      21 |  63.6
       D:14 |   16254 |    2548 |  13.6 |      33 |       7 |  17.5
       D:15 |   13191 |    3699 |  21.9 |      35 |       5 |  12.5
     Lair:1 |    5310 |       0 |   0.0 |      19 |       0 |   0.0
     Lair:2 |    6282 |     940 |  13.0 |      19 |       1 |   5.0
     Lair:3 |   12431 |    3411 |  21.5 |      44 |      17 |  27.9
     Lair:4 |    5210 |    5629 |  51.9 |      17 |       8 |  32.0
     Lair:5 |   12650 |    1115 |   8.1 |      43 |       3 |   6.5
     Lair:6 |   17180 |    9060 |  34.5 |      45 |      47 |  51.1
      Orc:1 |     468 |    3408 |  87.9 |       2 |       4 |  66.7
      Orc:2 |    1648 |   14439 |  89.8 |      11 |      34 |  75.6
     Bailey |       0 |    2079 | 100.0 |       0 |      27 | 100.0
            +---------+---------+-------+---------+---------+-------

Illustrated notes

Table legend:
 A = Kills in this place as a percentage of kills in entire the game.
 B = Kills by you in this place as a percentage of kills by you in the entire game.
 C = Kills by friends in this place as a percentage of kills by friends in the entire game.
 D = Other kills in this place as a percentage of other kills in the entire game.
 E = Experience gained in this place as a percentage of experience gained in the entire game.
 F = Experience gained in this place divided by the number of levels of this place that you have seen.
                   A       B       C       D       E      F
               +-------+-------+-------+-------+-------+----------------------
         Total | 100.0 | 100.0 |   N/A | 100.0 | 100.0 | 6436.2
       Dungeon |  49.1 |  49.4 |   N/A |  16.7 |  39.5 | 4405.5
          Lair |  39.3 |  39.0 |   N/A |  66.7 |  47.3 | 13203.0
  Orcish Mines |   7.6 |   7.5 |   N/A |  16.7 |  11.9 | 9981.5
        Bailey |   4.0 |   4.1 |   N/A |   0.0 |   1.2 | 2079.0
               +-------+-------+-------+-------+-------+----------------------

Table legend: (Time is in decaauts)
 A = Elapsed time spent in this place.
 B = Non-inter-level travel time spent in this place.
 C = Inter-level travel time spent in this place.
 D = Time resting spent in this place.
 E = Time spent auto-exploring this place.
 F = Levels seen in this place.
 G = Mean time per level.
                   A        B        C        D        E       F      G
               +--------+--------+--------+--------+--------+-----+--------+
         Total |  22090 |  20783 |   1307 |   2931 |  12597 |  26 |  849.6 |
       Dungeon |  14193 |  13337 |    856 |   2684 |   7916 |  15 |  946.2 |
        Temple |    133 |    104 |     29 |      0 |     94 |   1 |  133.0 |
          Lair |   6274 |   5917 |    357 |    124 |   3768 |   6 | 1045.7 |
         Swamp |     13 |     13 |      0 |      0 |      0 |   1 |   13.0 |
  Orcish Mines |   1134 |   1070 |     64 |    123 |    630 |   2 |  567.0 |
        Bailey |    342 |    342 |      0 |      0 |    187 |   1 |  342.0 |
               +--------+--------+--------+--------+--------+-----+--------+

Top non-repeatable levels by time:
     D:4: 1719 daAuts
  Lair:6: 1691 daAuts
     D:7: 1260 daAuts
     D:3: 1248 daAuts
  Lair:3: 1229 daAuts
     D:6: 1121 daAuts
     D:5: 1121 daAuts
     D:2: 1057 daAuts
  Lair:2: 938 daAuts
     D:1: 915 daAuts
     D:8: 913 daAuts
  Lair:5: 901 daAuts
    D:12: 856 daAuts
    D:14: 832 daAuts
  Lair:1: 792 daAuts
